 Dungeon Crawl Stone Soup version 0.22-a0-271-gc000056 (webtiles) character file.

18 Auros the Bolt Thrower (level 2, 12/23 HPs)
             Began as a Centaur Arcane Marksman on Mar 12, 2018.
             Quit the game on level 1 of the Dungeon.
             The game lasted 00:03:27 (227 turns).

Auros the Bolt Thrower (Centaur Arcane Marksman)     Turns: 227, Time: 00:03:27

Health: 12/23      AC:  4    Str: 12    XL:     2   Next: 51%
Magic:  3/3        EV: 10    Int: 12    God:
Gold:   37         SH:  0    Dex:  9    Spells: 2/3 levels left

rFire    . . .     SeeInvis .   c - +0 club
rCold    . . .     Gourm    .   (no shield)
rNeg     . . .     Faith    .   e - +0 robe
rPois    .         Spirit   .   (no helmet)
rElec    .         Reflect  .   (no cloak)
rCorr    .         Harm     .   (no gloves)
MR       .....                  (no barding)
Stlth    +.........             (no amulet)
HPRegen  0.07/turn              (no ring)
MPRegen  0.08/turn              (no ring)

@: very quick
A: large, hooves 3, deformed body, speed 2, tough skin 3
a: no special abilities


You were on level 1 of the Dungeon.
You were not hungry.

You visited 1 branch of the dungeon, and saw 1 of its levels.

You collected 37 gold pieces.

Inventory:

Hand Weapons
 a - a +0 hand crossbow
 c - a +0 club (weapon)
Missiles
 b - 14 stones (quivered)
 d - 18 bolts
Armour
 e - a +0 robe (worn)
Scrolls
 g - a scroll of random uselessness {unknown}
 h - a scroll of enchant armour {unknown}
Potions
 i - a potion of might {unknown}
Comestibles
 f - a ration


   Skills:
 + Level 1.1 Fighting
 + Level 3.0 Crossbows
 + Level 1.4 Dodging
 + Level 1.1 Spellcasting
 + Level 2.9 Hexes


You had 2 spell levels left.
You knew the following spells:

 Your Spells              Type           Power        Failure   Level  Hunger
a - Corona                Hex            #......      9%          1    ##.....


Dungeon Overview and Level Annotations

Branches:
Dungeon (1/15)

Altars:


Innate Abilities, Weirdness & Mutations

You have hooves in place of feet.
Armour fits poorly on your strangely shaped body.
You cover ground very quickly.
You have extremely tough skin. (AC +3)


Message History

Press: ? - help, Shift-Dir - straight line, f/p - hobgoblin
Aim: a hobgoblin, wielding a club You throw a stone.
The stone closely misses the hobgoblin.
You hit the hobgoblin but do no damage. The hobgoblin barely misses you.
You closely miss the hobgoblin. The hobgoblin hits you with a club.
You hit the hobgoblin but do no damage.
You kill the hobgoblin!
Your Crossbows skill increases to level 3!
Things that are here:
a club; a hobgoblin corpse
b - 13 stones (gained 1)
b - 14 stones (gained 1)
Casting: Corona (safe; 9% risk of failure)
Confirm with . or Enter, or press ? or * to list all spells.
Okay, then.
Okay, then.
Quiver which item? (- for none, * to show all) (? for menu, Esc to quit)
Okay, then.
Okay, then.
Are you sure you want to abandon this character and quit the game? (Confirm with "yes".)

#######
##.....##
###....)..##
#.....#....##
#.#.##.##...##
#..##.♣.##...##
##.####
####...# #.@#
#.#.#...#
#.#.⌠.#
#.⌠.#..# #.
#.#.###.#...#
## #.# #.##...#
#.⌠.###...#
#.###...#####
.###.#.......
#.8.#.#####
#.#.#..#


There were no monsters in sight!

Vanquished Creatures
  2 leopard geckos (D:1)
  4 hobgoblins (D:1)
  4 jackals (D:1)
  A bat (D:1)
  A frilled lizard (D:1)
  A goblin (D:1)
  2 rats (D:1)
15 creatures vanquished.

Notes
Turn   | Place    | Note
-------+----------+-------------------------------------------
     0 | D:1      | Auros the Centaur Arcane Marksman began the quest for the Orb.
     0 | D:1      | Reached XP level 1. HP: 16/16 MP: 2/2
    77 | D:1      | Reached XP level 2. HP: 11/23 MP: 3/3
   213 | D:1      | Reached skill level 3 in Crossbows
   227 | D:1      | Quit the game

Vault maps used:
D:1:      grunt_arrival_crossed_arrows, grunt_decor_mini_mirrors

Skill      XL: |  1  2 |
---------------+-------+-----
Crossbows      | 3 |  3.0
Fighting       | |  1.1
Dodging        | |  1.4
Spellcasting   | |  1.1
Hexes          | |  2.9

Action                   || total
-------------------------++-------
Melee: Club              ||     7
       Kick              ||     3
 Fire: Hand crossbow     ||    27
Throw: Stone             ||     2
Armor: Robe              ||    12
Dodge: Dodged            ||    15

Table legend:
 A = Spawn XP
 B = Non-spawn XP
 C = Spawn XP percentage of total XP
 D = Spawn monster count
 E = Non-spawn monster count
 F = Spawn count percentage of total count
 G = Total turns spent on level
                    A         B        C        D         E        F      G
               +---------+---------+-------+---------+---------+-------+---------
         Total |       0 |      27 |   0.0 |       0 |      15 |   0.0 |   227
               +---------+---------+-------+---------+---------+-------+---------
           D:1 |       0 |      27 |   0.0 |       0 |      15 |   0.0 |   227
               +---------+---------+-------+---------+---------+-------+---------
